 Dungeon Crawl Stone Soup version 0.28.0-53-g5a82cb258f (webtiles) character file.

Game seed: 5314441570220123

1467 Sin92 the Chopper (level 8, -2/63 HPs)
             Began as a Demonspawn Fighter on June 23, 2022.
             Was a Follower of Okawaru.
             Slain by a hound (4 damage)
             ... on level 6 of the Dungeon.
             The game lasted 00:09:03 (7591 turns).

Sin92 the Chopper (Demonspawn Fighter)              Turns: 7591, Time: 00:09:04

Health: -2/63      AC: 16    Str: 19    XL:     8   Next: 48%
Magic:  8/8        EV: 11    Int: 10    God:    Okawaru [*.....]
Gold:   256        SH:  6    Dex: 18    Spells: 7/7 levels left

rFire   . . .      SeeInvis .   a - +1 war axe (protect)
rCold   . . .      Faith    .   c - +0 buckler
rNeg    . . .      Spirit   .   b - +0 scale mail
rPois   .          Reflect  .   p - +1 hat
rElec   .          Harm     .   (no cloak)
rCorr   .          Rampage  .   (no gloves)
Will    .....                   (no boots)
Stlth   ..........              (no amulet)
HPRegen 0.20/turn               t - +6 ring of dexterity
MPRegen 0.11/turn               (no ring)

@: under a protective aura
A: rugged brown scales 1, icemail 1, condensation shield
a: Renounce Religion, Heroism


You were on level 6 of the Dungeon.
You worshipped Okawaru.
Okawaru was aware of your devotion.
You visited 2 branches of the dungeon, and saw 7 of its levels.
You also visited: Ossuary.

You collected 256 gold pieces.

Inventory:

Hand Weapons
 a - a +1 war axe of protection (weapon)
Armour
 b - a +0 scale mail (worn)
 c - a +0 buckler (worn)
 p - a +1 hat (worn)
Jewellery
 o - a ring of magical power
 t - a +6 ring of dexterity (left hand)
Wands
 r - a wand of paralysis (5)
 u - a wand of iceblast (10)
Scrolls
 f - 5 scrolls of identify
 k - 4 scrolls of teleportation
 m - 2 scrolls of torment
 n - a scroll of brand weapon
 q - a scroll of amnesia
Potions
 d - 2 potions of invisibility {unknown}
 e - a potion of haste
 g - a potion of degeneration
 h - 3 potions of magic {unknown}
 i - 5 potions of curing
 j - 3 potions of flight
 l - 4 potions of lignification


   Skills:
 + Level 5.1 Fighting
 * Level 5.9 Axes
 + Level 4.7 Armour
 + Level 3.6 Dodging
 + Level 4.7 Shields


You had 7 spell levels left.
You didn't know any spells.
Your spell library contained the following spells:

 Spells                   Type           Power      Damage    Failure   Level
 Beastly Appendage        Tmut           0%         N/A       80%         1
 Magic Dart               Conj           0%         1d3       80%         1
 Wereblood                Tmut           0%         N/A       91%         2
 Gell's Gravitas          Tloc           0%         N/A       99%         3
 Mephitic Cloud           Conj/Pois/Air  0%         N/A       99%         3
 Spider Form              Tmut/Pois      0%         N/A       99%         3
 Teleport Other           Tloc           0%         N/A       99%         3
 Dispersal                Tloc           0%         N/A       100%        6
 Storm Form               Tmut/Air       0%         N/A       100%        7
 Maxwell's Capacitive Co  Air            0%         ∞         100%        8
 Call Imp                 Summ           Unusable   N/A       N/A         2
 Summon Lightning Spire   Summ/Air       Unusable   N/A       N/A         4

Dungeon Overview and Level Annotations

Branches:
Dungeon (6/15)             Temple (1/1) D:5         Ossuary (visited)

Altars:
Dithmenos
Gozag
Makhleb
Nemelex Xobeh
Okawaru
Trog
Vehumet
Wu Jian

Shops:
D:2 (   D:4 :

Annotations:
D:3 exclusion: statue
D:6 2 transporters, Dowan; Duvessa; Zeld's ghost, novice DECj


Innate Abilities, Weirdness & Mutations

You are partially covered in rugged brown scales. (AC +1, +3% HP)
A meltable icy envelope protects you from harm. (AC +0)
A meltable shield of frost defends you. (SH +0)


Message History

* * * LOW HITPOINT WARNING * * *
You barely miss Dowan. You hit Duvessa. You hit something.
You barely miss the hound. The hound bites you but does no damage.
Dowan completely misses you. Something hits you but does no damage.
Duvessa hits you with a +0 short sword.
* * * LOW HITPOINT WARNING * * *
The hound bites you.
* * * LOW HITPOINT WARNING * * *
You feel much better. The hound bites you but does no damage.
Dowan hits you but does no damage.
You hear some strange, mumbled words.
Something tries to affect you, but you resist.
Duvessa gestures with her weapon.
Duvessa barely misses you. The hound barely misses you.
Duvessa hits you with a +0 short sword. Something hits you but does no damage.
There is a stone staircase leading down here.
Dowan mumbles some strange words.
Dowan blinks!
You see here 16 gold pieces.
Dowan hits you with a +7 dagger of electrocution.
Duvessa hits you with a +0 short sword.
There is a stone staircase leading up here.
You slash Duvessa!
Your weapon exudes an aura of protection.
Duvessa is heavily wounded.
You barely miss Dowan. You barely miss the hound. You block the hound's attack.
Dowan closely misses you. You block the hound's attack.
Duvessa hits you with a +0 short sword.
Dowan points at you and mumbles some strange words.
The puff of flame hits you but does no damage.
You closely miss Duvessa.
Duvessa is heavily wounded.
You hit something. You closely miss Dowan. You closely miss the hound.
You block the hound's attack. Something hits you.
Duvessa hits you with a +0 short sword.
* * * LOW HITPOINT WARNING * * *
Dowan hits you but does no damage.
You are electrocuted!
* * * LOW HITPOINT WARNING * * *
The hound bites you.
You die...

....).. ........ .........
........... ####
#########...........
.>..#######......(............
..............................
............h.................
............e@................
.........>$..e.....#+###......
......)............#...#......
......)............#...+......
...................#...#......
...................#...#......
....#######........+...#......
.... #........#...#...... ...
#...................


You could see Duvessa, Dowan and a hound.

Vanquished Creatures
  Eustachio (D:4)
  A black bear (D:6)
  2 ice beasts
  A sky beast (D:5)
  An ogre (D:5)
  2 phantoms
  A scorpion (D:5)
  2 water moccasin skeletons
  A centaur zombie (D:6)
  A jelly (D:5)
  A hound (D:4)
  3 orc priests
  4 iguanas
  3 orc wizards
  A mummy (Ossuary)
  3 adders
  2 shadow imps
  An ufetubus (D:6)
  2 worms (D:3)
  A dart slug (D:2)
  16 orcs
  2 spectral bats (Ossuary)
  7 bats
  9 endoplasms
  A giant cockroach (D:2)
  12 gnoll zombies (Ossuary)
  6 hobgoblins
  7 quokkas
  10 ball pythons
  2 bat simulacra (Ossuary)
  3 frilled lizards
  7 goblins
  3 goblin simulacra (Ossuary)
  6 goblin zombies (Ossuary)
  3 hobgoblin zombies (Ossuary)
  5 kobolds
  2 kobold simulacra (Ossuary)
  6 kobold zombies (Ossuary)
  3 orc zombies (Ossuary)
  5 rats
  5 rat simulacra (Ossuary)
  A spectral goblin (Ossuary)
  4 spectral kobolds (Ossuary)
  3 spectral rats (Ossuary)
162 creatures vanquished.

Notes
Turn   | Place    | Note
-------+----------+-------------------------------------------
     0 | D:1      | Sin92 the Demonspawn Fighter began the quest for the Orb.
     0 | D:1      | Reached XP level 1. HP: 18/18 MP: 1/1
   112 | D:1      | Gained mutation: You are partially covered in rugged brown
                  | scales. (AC +1, +3% HP) [demonic ancestry]
   112 | D:1      | Reached XP level 2. HP: 9/24 MP: 2/2
   790 | D:1      | Reached XP level 3. HP: 24/29 MP: 3/3
   952 | D:2      | Found a faded altar of an unknown god.
  1344 | D:2      | Found Tuosta's Weapon Emporium.
  1517 | D:2      | Reached skill level 1 in Dodging
  1893 | D:3      | Reached XP level 4. HP: 35/36 MP: 4/4
  1920 | D:3      | Found a radiant altar of Vehumet.
  1920 | D:3      | Noticed a frost-covered statue
  2693 | D:3      | Reached XP level 5. HP: 6/42 MP: 5/5
  3308 | D:4      | Noticed a phantom
  3323 | D:4      | Killed a phantom
  3663 | D:4      | Noticed Eustachio
  3689 | D:4      | Killed Eustachio
  3690 | D:4      | Reached XP level 6. HP: 24/49 MP: 6/6
  3732 | D:4      | Found Cagom's Book Emporium.
  4054 | D:4      | Identified the +4 plate armour of Ryticir {rF+}
  4423 | D:5      | Entered Level 5 of the Dungeon
  4423 | D:5      | Found an ornate altar of the Wu Jian Council.
  4590 | D:5      | Found a staircase to the Ecumenical Temple.
  4603 | Temple   | Entered the Ecumenical Temple
  4609 | Temple   | Became a worshipper of Warmaster Okawaru
  4641 | D:5      | Found a bloodstained altar of Trog.
  4728 | D:5      | Found a sand-covered staircase.
  4734 | Ossuary  | Entered an ossuary
  5181 | D:5      | Gained mutation: A meltable shield of frost defends you.
                  | (SH +0) [demonic ancestry]
  5181 | D:5      | Reached XP level 7. HP: 55/55 MP: 7/7
  6054 | D:5      | Reached * piety under Okawaru
  6212 | D:5      | Reached skill level 5 in Axes
  6473 | D:5      | Gained mutation: A meltable icy envelope protects you from
                  | harm. (AC +0) [demonic ancestry]
  6473 | D:5      | Reached XP level 8. HP: 62/62 MP: 8/8
  7199 | D:6      | Found a transporter.
  7202 | D:6      | Found a transporter.
  7202 | D:6      | Noticed Zeld's ghost (novice DECj)
  7202 | D:6      | Noticed a red ugly thing
  7233 | D:6      | Reached skill level 5 in Fighting
  7567 | D:6      | Noticed Duvessa
  7574 | D:6      | Noticed Dowan
  7591 | D:6      | HP: 2/63 [Dowan/+7 dagger of electrocution (16)]
  7591 | D:6      | Slain by a hound

Illustrated notes

Levels and vault maps discovered:
D:1:      lightli_arrival_statuegarden, layout_rooms
D:2:      layout_rooms, shapermc_ecumenical_altar_totnotflames, serial_shops,
          nicolae_shop_statue_plus
D:3:      layout_basic, vehumet_statue
D:4:      layout_loops_ring, serial_shops, shop, uniq_eustachio
D:5:      layout_loops_corners, grunt_temple_overflow_open,
          minmay_temple_entry_waves, enter_ossuary_2, st_stairs_1,
          minmay_quadrilaterals
D:6:      layout_gridville, gammafunk_ghost_arena,
          minmay_misc_feat_more_columns, uniq_duvessa
Temple:   eino_temple_rhombus

Skill      XL: |  1  2  3  4  5  6  7  8 |
---------------+-------------------------+-----
Axes           | 2 3 4 5 |  5.9
Shields        | 3 4 |  4.7
Armour         | 3 4 |  4.7
Dodging        | 1 2 3 |  3.6
Fighting       | 4 5 |  5.1

Action                   |  1- 3 |  4- 6 |  7- 9 || total
-------------------------+-------+-------+-------++-------
Melee: War axe           |   123 |   233 |   150 ||   506
  Use: Scroll            |     2 |     7 |     5 ||    14
       Potion            |       |     4 |     2 ||     6
Armor: Scale mail        |    63 |    93 |   110 ||   266
Dodge: Dodged            |    71 |    84 |    71 ||   226
Block: Buckler           |    33 |    59 |    93 ||   185
